Islanders vs Panthers

Created - 29 février 2024 at 22:35

Goals
1 2 3 T
Islanders 1 0 1 2
Panthers 2 2 1 5
Shots
1 2 3 T
Islanders 8 11 19 38
Panthers 14 16 8 38

GoalsPenalties
1st period
1. Panthers , Auston Matthews 32 (Casey Mittelstadt 23, Jack Roslovic 21) at 8:38
2. Islanders , Rasmus Kupari 10 (Zach Aston-Reese 8, Milan Lucic 20) at 13:59
3. Panthers , Alexis Lafrenière 15 (Devon Toews 38, Jesperi Kotkaniemi 20) at 19:43
No Penalty
2nd period
4. Panthers , Casey Mittelstadt 21 (Jack Roslovic 22, Auston Matthews 41) at 2:17
5. Panthers , Devon Toews 8 (Jack Roslovic 23, Auston Matthews 42) at 13:02
Robert Bortuzzo (NYI) for Hooking (Minor) at 2:32
3rd period
6. Islanders , Dylan Coghlan 2 (Josh Archibald 9, Will Butcher 2) at 5:10
7. Panthers , Casey Mittelstadt 22 (Alexis Lafrenière 16, Auston Matthews 43) at 9:48 (PP)
Josh Archibald (NYI) for Holding (Minor) at 2:29
Nicolas Meloche (NYI) for Tripping (Minor) at 8:17
Robert Bortuzzo (NYI) for Hooking (Minor) at 11:37
Goalie Stats
Chris Driedger (NYI), 33 saves from 38 shots - (0,868), L, 4-26-1, 60:00 minutes
Adin Hill (FLO), 36 saves from 38 shots - (0,947), W, 26-25-7, 60:00 minutes
3 StarsOfficial
1 - Auston Matthews (FLO)
2 - Casey Mittelstadt (FLO)
3 - Devon Toews (FLO)
Referees : Gord Dwyer and Elizabeth Mantha
Linesman : Julien Fournier and Greg Devorski
Game Note
No Game Note
Finance
Level 1 -- Attendance: 4579 (69%) -- Ticket Income $435,005
Level 2 -- Attendance: 4519 (78%) -- Ticket Income $225,950
Level 3 -- Attendance: 3887 (71%) -- Ticket Income $69,966
Level 4 -- Attendance: 4904 (94%) -- Ticket Income $49,040
Luxury Box -- Attendance: 1104 (92%) -- Ticket Income $193,200
Game was played at the Office Depot Center.
Total Attendance: 18993 (78%)
Total Ticket Income: $973,161
Other Income: $291,948
Total Income: $1,265,109



Team Name Goals Shots Shots Attemp Shots Blocked PIM HIT PP PK FO%
Islanders 23864198160 / 0 (0%144%
Panthers 53886120161 / 4 (25%)056%

Islanders
Player Name POS G A P +/- PIM HIT SHT SB MP PP MP PP SHT PK MP PK SHT FO% FOT GA TA
Brock McGinnLW/RW000-3006123:420:0003:57067% 310
Caleb JonesD000-2013419:110:0002:0500% 011
Dylan CoghlanD1011011014:370:0002:0500% 010
Filip ZadinaLW/RW000000106:290:0000:0000% 000
Jakub VoracekLW/RW0001001011:550:0000:0000% 001
Josh ArchibaldLW/RW0111233012:180:0000:000100% 100
Josh BaileyLW/RW000-3005022:180:0002:57043% 3001
Marc-Edouard VlasicD000-1000528:110:0005:1700% 000
Mike HoffmanLW000-3023120:010:0000:34025% 401
Milan LucicLW/RW0110021017:140:0002:57033% 300
Nicklas BackstromC0001013012:350:0000:34025% 800
Nicolas MelocheD000-2201218:420:0001:3700% 000
Ondrej KaseRW000000006:290:0000:0000% 000
Rasmus AsplundC/LW000002306:290:0000:00060% 500
Rasmus KupariC/LW/RW1010015118:380:0003:57050% 1810
Robert BortuzzoD000-1421425:350:0002:3700% 012
Will ButcherD0111000013:470:0001:1500% 001
Zach Aston-ReeseLW/RW0110011114:170:0000:0000% 010
Panthers
Player Name POS G A P +/- PIM HIT SHT SB MP PP MP PP SHT PK MP PK SHT FO% FOT GA TA
Alexis LafrenièreLW/RW1121002016:203:5600:00050% 200
Andrew PeekeD0003026326:323:3000:0000% 011
Auston MatthewsC1343033022:113:5600:00055% 3310
Casey MittelstadtC/LW2133015022:173:5610:000100% 200
Devon ToewsD1123013326:413:5800:0000% 020
Evander KaneLW/RW0001003015:493:3200:0000% 000
Evgeni MalkinC000-1001117:403:3200:00050% 1212
Gustav NyquistC/LW/RW000-1033018:123:5810:0000% 110
Jack RoslovicC/RW0333004018:120:0000:00067% 300
Jeremy LauzonD000-1010112:060:0000:0000% 001
Jesperi KotkaniemiC/LW0111012012:210:0000:00058% 1200
Jordan GreenwayLW/RW000-101007:480:0000:0000% 000
Matt GrzelcykD0000000217:160:0000:0000% 002
Nikita ZaitsevD000-1000112:060:0000:0000% 000
Scott MayfieldD0000011121:133:3000:0000% 000
Sonny MilanoLW/RW000-100107:480:0000:0000% 000
Steven LorentzC/LW/RW000-101007:480:0000:00040% 500
Taylor HallLW000-1014017:403:3200:000100% 210

Islanders

5 vs 5 Forward
Line #Left WingCenterRight WingPHYDFOFWanted %Time %Time Play
1Mike HoffmanJosh BaileyBrock McGinn1134038%19:51
2Zach Aston-ReeseRasmus KupariMilan Lucic2123027%14:17
3Jakub VoracekNicklas BackstromJosh Archibald1132023%11:55
4Filip ZadinaRasmus AsplundOndrej Kase0231012%6:29
5 vs 5 Defense
Line #DefenseDefensePHYDFOFWanted %Time %Time Play
1Robert BortuzzoMarc-Edouard Vlasic2304545%23:33
2Caleb JonesNicolas Meloche2303333%17:06
3Dylan CoghlanWill Butcher2302223%11:50
4Robert BortuzzoMarc-Edouard Vlasic32000%0:03
Power Play Forward
Line #Left WingCenterRight WingPHYDFOFWanted %Time %Time Play
1Mike HoffmanNicklas BackstromBrock McGinn005700%0:00
2Zach Aston-ReeseRasmus KupariMilan Lucic005300%0:00
Power Play Defense
Line #DefenseDefensePHYDFOFWanted %Time %Time Play
1Josh BaileyCaleb Jones005700%0:00
2Rasmus AsplundMarc-Edouard Vlasic005300%0:00
Penalty Kill 4 Players Forward
Line #CenterWingPHYDFOFWanted %Time %Time Play
1Rasmus KupariBrock McGinn0505560%4:31
2Josh BaileyMilan Lucic0504540%2:57
Penalty Kill 4 Players Defense
Line #DefenseDefensePHYDFOFWanted %Time %Time Play
1Robert BortuzzoMarc-Edouard Vlasic0507078%5:51
2Caleb JonesNicolas Meloche0503022%1:37
Penalty Kill 3 Players
Line #WingPHYDFOFWanted %Time %Time PlayDefenseDefensePHYDFOFWanted %Time %Time Play
1Brock McGinn050500%0:00 Robert BortuzzoMarc-Edouard Vlasic050650%0:00
2Rasmus Kupari050500%0:00 Caleb JonesNicolas Meloche050350%0:00
4 vs 4 Forward
Line #CenterWingPHYDFOFWanted %Time %Time Play
1Josh BaileyMike Hoffman014650%0:00
2Rasmus KupariBrock McGinn221350%0:00
4 vs 4 Defense
Line #DefensePHYDFOFWanted %Time %Time Play
1Robert BortuzzoMarc-Edouard Vlasic230650%0:00
2Caleb JonesNicolas Meloche230350%0:00
Last Minutes Offensive
Left WingCenterRight WingDefenseDefense
Mike HoffmanNicklas BackstromBrock McGinnJosh BaileyCaleb Jones
Last Minutes Defensive
Left WingCenterRight WingDefenseDefense
Zach Aston-ReeseRasmus KupariBrock McGinnRobert BortuzzoMarc-Edouard Vlasic
Time
Total ForwardTotal DefenseLast Minutes OffensiveLast Minutes Defensive
60:00 60:00 0:000:00
Extra Forwards
Normal PowerPlayPenalty Kill
Filip Zadina, Rasmus Kupari, Josh BaileyFilip Zadina, Mike HoffmanMilan Lucic
Extra Defensemen
Normal PowerPlayPenalty Kill
Dylan Coghlan, Caleb Jones, Robert BortuzzoMarc-Edouard Vlasic, Dylan CoghlanCaleb Jones
Penalty Shots
Josh Bailey, Brock McGinn, Mike Hoffman, Caleb Jones, Zach Aston-Reese
Goalie
Chris Driedger, Mike Smith
Scratches
Christian Wolanin (Healthy), Simon Holmstrom (Healthy)

Panthers

5 vs 5 Forward
Line #Left WingCenterRight WingPHYDFOFWanted %Time %Time Play
1Casey MittelstadtAuston MatthewsJack Roslovic1223535%18:15
2Taylor HallEvgeni MalkinGustav Nyquist1222827%14:08
3Evander KaneJesperi KotkaniemiAlexis Lafrenière1222524%12:21
4Jordan GreenwaySteven LorentzSonny Milano1221215%7:48
5 vs 5 Defense
Line #DefenseDefensePHYDFOFWanted %Time %Time Play
1Devon ToewsAndrew Peeke1224038%20:03
2Scott MayfieldMatt Grzelcyk1223534%17:43
3Nikita ZaitsevJeremy Lauzon1401523%12:06
4Devon ToewsAndrew Peeke032105%2:40
Power Play Forward
Line #Left WingCenterRight WingPHYDFOFWanted %Time %Time Play
1Casey MittelstadtAuston MatthewsAlexis Lafrenière0055053%3:56
2Taylor HallEvgeni MalkinEvander Kane0145047%3:32
Power Play Defense
Line #DefenseDefensePHYDFOFWanted %Time %Time Play
1Devon ToewsGustav Nyquist1135053%3:58
2Scott MayfieldAndrew Peeke0235047%3:30
Penalty Kill 4 Players Forward
Line #CenterWingPHYDFOFWanted %Time %Time Play
1Auston MatthewsJack Roslovic041550%0:00
2Evgeni MalkinGustav Nyquist041450%0:00
Penalty Kill 4 Players Defense
Line #DefenseDefensePHYDFOFWanted %Time %Time Play
1Devon ToewsAndrew Peeke050550%0:00
2Scott MayfieldMatt Grzelcyk050450%0:00
Penalty Kill 3 Players
Line #WingPHYDFOFWanted %Time %Time PlayDefenseDefensePHYDFOFWanted %Time %Time Play
1Auston Matthews050600%0:00 Devon ToewsAndrew Peeke050600%0:00
2Jack Roslovic050400%0:00 Scott MayfieldMatt Grzelcyk050400%0:00
4 vs 4 Forward
Line #CenterWingPHYDFOFWanted %Time %Time Play
1Auston MatthewsTaylor Hall014500%0:00
2Evgeni MalkinCasey Mittelstadt014500%0:00
4 vs 4 Defense
Line #DefensePHYDFOFWanted %Time %Time Play
1Devon ToewsAndrew Peeke023500%0:00
2Scott MayfieldMatt Grzelcyk032500%0:00
Last Minutes Offensive
Left WingCenterRight WingDefenseDefense
Casey MittelstadtAuston MatthewsAlexis LafrenièreDevon ToewsAndrew Peeke
Last Minutes Defensive
Left WingCenterRight WingDefenseDefense
Gustav NyquistAuston MatthewsJack RoslovicDevon ToewsAndrew Peeke
Time
Total ForwardTotal DefenseLast Minutes OffensiveLast Minutes Defensive
60:00 60:00 0:000:00
Extra Forwards
Normal PowerPlayPenalty Kill
Casey Mittelstadt, Gustav Nyquist, Auston MatthewsAuston Matthews, Gustav NyquistJack Roslovic
Extra Defensemen
Normal PowerPlayPenalty Kill
Devon Toews, Scott Mayfield, Jeremy LauzonDevon Toews, Matt GrzelcykAndrew Peeke
Penalty Shots
Casey Mittelstadt, Auston Matthews, Evgeni Malkin, Taylor Hall, Alexis Lafrenière
Goalie
Adin Hill, Charlie Lindgren
Scratches
None


Play-by-Play

1st period


0:01 of 1st period - Josh Bailey wins face-off versus Jack Roslovic in neutral zone.
0:04 of 1st period - Slapshot by Brock McGinn.
0:04 of 1st period - Shot Blocked by Devon Toews.
0:16 of 1st period - Snap shot by Jack Roslovic.
0:16 of 1st period - Stopped by Chris Driedger with a rebound.
1:24 of 1st period - Wrist shot by Taylor Hall.
1:24 of 1st period - Deflect By Evgeni Malkin.
1:24 of 1st period - Shot Misses the Net.
1:24 of 1st period - Puck is out of play.
1:25 of 1st period - Rasmus Kupari wins face-off versus Steven Lorentz in Islanders zone.
1:34 of 1st period - Snap shot by Rasmus Kupari.
1:34 of 1st period - Stopped by Adin Hill with a rebound.
1:52 of 1st period - Josh Archibald is hit by Auston Matthews and loses puck.
2:25 of 1st period - Snap shot by Filip Zadina.
2:25 of 1st period - Stopped by Adin Hill with a rebound.
2:54 of 1st period - Jordan Greenway is hit by Josh Archibald and loses puck.
3:13 of 1st period - Ondrej Kase is hit by Devon Toews and loses puck.
3:22 of 1st period - Auston Matthews is hit by Rasmus Asplund.
3:34 of 1st period - Snap shot by Alexis Lafrenière.
3:34 of 1st period - Deflect By Evander Kane.
3:34 of 1st period - Shot Misses the Net.
3:34 of 1st period - Puck is out of play.
3:35 of 1st period - Alexis Lafrenière wins face-off versus Rasmus Kupari in Islanders zone.
3:43 of 1st period - Icing by Rasmus Kupari.
3:44 of 1st period - Rasmus Kupari wins face-off versus Auston Matthews in Islanders zone.
3:44 of 1st period - Rasmus Kupari is hit by Jeremy Lauzon.
4:14 of 1st period - Wrist shot by Alexis Lafrenière.
4:14 of 1st period - Shot Blocked by Robert Bortuzzo.
4:16 of 1st period - Snap shot by Matt Grzelcyk.
4:16 of 1st period - Shot Misses the Net.
4:18 of 1st period - Slapshot by Scott Mayfield.
4:18 of 1st period - Shot Misses the Net.
4:20 of 1st period - Wrist shot by Jesperi Kotkaniemi.
4:20 of 1st period - Stopped by Chris Driedger with a rebound.
4:22 of 1st period - Wrist shot by Evander Kane.
4:22 of 1st period - Stopped by Chris Driedger with a rebound.
4:24 of 1st period - Wrist shot by Scott Mayfield.
4:24 of 1st period - Stopped by Chris Driedger without a rebound.
4:25 of 1st period - Brock McGinn wins face-off versus Auston Matthews in Islanders zone.
5:37 of 1st period - Off-side.
5:38 of 1st period - Jesperi Kotkaniemi wins face-off versus Rasmus Kupari in neutral zone.
5:47 of 1st period - Wrist shot by Zach Aston-Reese.
5:47 of 1st period - Shot Blocked by Jeremy Lauzon.
6:13 of 1st period - Wrist shot by Mike Hoffman.
6:13 of 1st period - Shot Misses the Net.
6:35 of 1st period - Snap shot by Jordan Greenway.
6:35 of 1st period - Deflect By Marc-Edouard Vlasic.
6:35 of 1st period - Shot Misses the Net.
6:35 of 1st period - Puck is out of play.
6:36 of 1st period - Evgeni Malkin wins face-off versus Josh Bailey in Islanders zone.
6:45 of 1st period - Gustav Nyquist is hit by Mike Hoffman.
7:03 of 1st period - Snap shot by Jesperi Kotkaniemi.
7:03 of 1st period - Stopped by Chris Driedger without a rebound.
7:04 of 1st period - Nicklas Backstrom wins face-off versus Alexis Lafrenière in Islanders zone.
7:31 of 1st period - Auston Matthews is hit by Milan Lucic and loses puck.
8:15 of 1st period - Andrew Peeke is hit by Dylan Coghlan and loses puck.
8:20 of 1st period - Snap shot by Ondrej Kase.
8:20 of 1st period - Deflect By Rasmus Asplund.
8:20 of 1st period - Shot Misses the Net.
8:20 of 1st period - Puck is out of play.
8:21 of 1st period - Rasmus Asplund wins face-off versus Auston Matthews in Panthers zone.
8:24 of 1st period - Backhand shot by Rasmus Asplund.
8:24 of 1st period - Stopped by Adin Hill without a rebound.
8:25 of 1st period - Auston Matthews wins face-off versus Josh Bailey in Panthers zone.
8:38 of 1st period - Snap shot by Auston Matthews.
8:38 of 1st period - Goal by Auston Matthews - Islanders : 0 - Panthers : 1.
8:39 of 1st period - Auston Matthews wins face-off versus Josh Bailey in neutral zone.
8:44 of 1st period - Snap shot by Casey Mittelstadt.
8:44 of 1st period - Shot Blocked by Marc-Edouard Vlasic.
8:46 of 1st period - Slapshot by Jack Roslovic.
8:46 of 1st period - Stopped by Chris Driedger with a rebound.
8:48 of 1st period - Slapshot by Andrew Peeke.
8:48 of 1st period - Stopped by Chris Driedger with a rebound.
9:30 of 1st period - Wrist shot by Rasmus Asplund.
9:30 of 1st period - Stopped by Adin Hill without a rebound.
9:31 of 1st period - Jesperi Kotkaniemi wins face-off versus Rasmus Asplund in Panthers zone.
9:40 of 1st period - Slapshot by Alexis Lafrenière.
9:40 of 1st period - Shot Misses the Net.
9:42 of 1st period - Snap shot by Alexis Lafrenière.
9:42 of 1st period - Shot Misses the Net.
9:58 of 1st period - Snap shot by Auston Matthews.
9:58 of 1st period - Shot Misses the Net.
10:08 of 1st period - Snap shot by Rasmus Kupari.
10:08 of 1st period - Stopped by Adin Hill with a rebound.
10:22 of 1st period - Will Butcher is hit by Gustav Nyquist and loses puck.
12:25 of 1st period - Josh Bailey is hit by Steven Lorentz and loses puck.
12:57 of 1st period - Snap shot by Brock McGinn.
12:57 of 1st period - Stopped by Adin Hill without a rebound.
12:58 of 1st period - Auston Matthews wins face-off versus Milan Lucic in Panthers zone.
13:57 of 1st period - Snap shot by Zach Aston-Reese.
13:57 of 1st period - Shot Blocked by Andrew Peeke.
13:59 of 1st period - Snap shot by Rasmus Kupari.
13:59 of 1st period - Goal by Rasmus Kupari - Islanders : 1 - Panthers : 1.
14:00 of 1st period - Josh Bailey wins face-off versus Auston Matthews in neutral zone.
14:16 of 1st period - Slapshot by Josh Bailey.
14:16 of 1st period - Shot Misses the Net.
14:30 of 1st period - Icing by Rasmus Kupari.
14:31 of 1st period - Evgeni Malkin wins face-off versus Rasmus Kupari in Islanders zone.
14:58 of 1st period - Zach Aston-Reese is hit by Taylor Hall and loses puck.
15:07 of 1st period - Slapshot by Gustav Nyquist.
15:07 of 1st period - Stopped by Chris Driedger without a rebound.
15:08 of 1st period - Josh Bailey wins face-off versus Auston Matthews in Islanders zone.
15:23 of 1st period - Wrist shot by Casey Mittelstadt.
15:23 of 1st period - Stopped by Chris Driedger without a rebound.
15:24 of 1st period - Jesperi Kotkaniemi wins face-off versus Nicklas Backstrom in Islanders zone.
15:35 of 1st period - Slapshot by Alexis Lafrenière.
15:35 of 1st period - Stopped by Chris Driedger without a rebound.
15:36 of 1st period - Auston Matthews wins face-off versus Josh Bailey in Islanders zone.
16:03 of 1st period - Marc-Edouard Vlasic is hit by Gustav Nyquist and loses puck.
16:36 of 1st period - Alexis Lafrenière is hit by Zach Aston-Reese and loses puck.
17:02 of 1st period - Icing by Sonny Milano.
17:03 of 1st period - Steven Lorentz wins face-off versus Rasmus Asplund in Panthers zone.
17:14 of 1st period - Wrist shot by Filip Zadina.
17:14 of 1st period - Shot Blocked by Nikita Zaitsev.
17:59 of 1st period - Snap shot by Evander Kane.
17:59 of 1st period - Shot Misses the Net.
18:01 of 1st period - Wrist shot by Evander Kane.
18:01 of 1st period - Stopped by Chris Driedger without a rebound.
18:02 of 1st period - Evgeni Malkin wins face-off versus Josh Bailey in Islanders zone.
18:03 of 1st period - Snap shot by Gustav Nyquist.
18:03 of 1st period - Stopped by Chris Driedger with a rebound.
18:15 of 1st period - Slapshot by Brock McGinn.
18:15 of 1st period - Shot Blocked by Matt Grzelcyk.
18:17 of 1st period - Slapshot by Dylan Coghlan.
18:17 of 1st period - Shot Misses the Net.
18:54 of 1st period - Andrew Peeke is hit by Rasmus Asplund and loses puck.
19:43 of 1st period - Snap shot by Alexis Lafrenière.
19:43 of 1st period - Goal by Alexis Lafrenière - Islanders : 1 - Panthers : 2.
19:44 of 1st period - Josh Bailey wins face-off versus Auston Matthews in neutral zone.
19:55 of 1st period - Slapshot by Brock McGinn.
19:55 of 1st period - Shot Misses the Net.
19:57 of 1st period - Wrist shot by Brock McGinn.
19:57 of 1st period - Shot Misses the Net.
19:59 of 1st period - Snap shot by Caleb Jones.
19:59 of 1st period - Stopped by Adin Hill without a rebound.
Goals for this period are 1 for Islanders vs 2 for Panthers.
Shots for this period are 8 for Islanders vs 14 for Panthers.

2nd period


0:01 of 2nd period - Auston Matthews wins face-off versus Josh Bailey in neutral zone.
0:32 of 2nd period - Evgeni Malkin is hit by Rasmus Kupari and loses puck.
0:55 of 2nd period - Wrist shot by Nicklas Backstrom.
0:55 of 2nd period - Stopped by Adin Hill without a rebound.
0:56 of 2nd period - Auston Matthews wins face-off versus Nicklas Backstrom in Panthers zone.
1:23 of 2nd period - Caleb Jones is hit by Jesperi Kotkaniemi.
2:15 of 2nd period - Snap shot by Jack Roslovic.
2:15 of 2nd period - Shot Misses the Net.
2:17 of 2nd period - Wrist shot by Casey Mittelstadt.
2:17 of 2nd period - Goal by Casey Mittelstadt - Islanders : 1 - Panthers : 3.
2:18 of 2nd period - Auston Matthews wins face-off versus Josh Bailey in neutral zone.
2:27 of 2nd period - Snap shot by Auston Matthews.
2:27 of 2nd period - Deflect By Casey Mittelstadt.
2:27 of 2nd period - Shot Blocked by Mike Hoffman.
2:27 of 2nd period - Puck is out of play.
2:28 of 2nd period - Auston Matthews wins face-off versus Josh Bailey in Islanders zone.
2:32 of 2nd period - Minor Penalty to Robert Bortuzzo for Hooking.
2:33 of 2nd period - Casey Mittelstadt wins face-off versus Rasmus Kupari in Islanders zone.
2:49 of 2nd period - Marc-Edouard Vlasic is hit by Casey Mittelstadt and loses puck.
4:32 of 2nd period - Penalty to Robert Bortuzzo is over, Robert Bortuzzo is back on ice.
5:10 of 2nd period - Nikita Zaitsev is hit by Nicklas Backstrom and loses puck.
5:46 of 2nd period - Backhand shot by Zach Aston-Reese.
5:46 of 2nd period - Stopped by Adin Hill with a rebound.
7:02 of 2nd period - Marc-Edouard Vlasic is hit by Auston Matthews and loses puck.
7:59 of 2nd period - Wrist shot by Mike Hoffman.
7:59 of 2nd period - Stopped by Adin Hill with a rebound.
8:01 of 2nd period - Snap shot by Josh Bailey.
8:01 of 2nd period - Stopped by Adin Hill with a rebound.
8:03 of 2nd period - Snap shot by Brock McGinn.
8:03 of 2nd period - Stopped by Adin Hill with a rebound.
9:06 of 2nd period - Icing by Zach Aston-Reese.
9:07 of 2nd period - Rasmus Kupari wins face-off versus Jesperi Kotkaniemi in Islanders zone.
9:24 of 2nd period - Snap shot by Zach Aston-Reese.
9:24 of 2nd period - Shot Blocked by Matt Grzelcyk.
9:26 of 2nd period - Slapshot by Caleb Jones.
9:26 of 2nd period - Stopped by Adin Hill with a rebound.
9:28 of 2nd period - Wrist shot by Rasmus Kupari.
9:28 of 2nd period - Stopped by Adin Hill without a rebound.
9:29 of 2nd period - Auston Matthews wins face-off versus Josh Bailey in Panthers zone.
9:56 of 2nd period - Gustav Nyquist is hit by Robert Bortuzzo.
10:40 of 2nd period - Snap shot by Rasmus Asplund.
10:40 of 2nd period - Stopped by Adin Hill with a rebound.
11:12 of 2nd period - Backhand shot by Brock McGinn.
11:12 of 2nd period - Stopped by Adin Hill with a rebound.
11:14 of 2nd period - Backhand shot by Josh Bailey.
11:14 of 2nd period - Shot Misses the Net.
11:36 of 2nd period - Slapshot by Taylor Hall.
11:36 of 2nd period - Stopped by Chris Driedger without a rebound.
11:37 of 2nd period - Rasmus Asplund wins face-off versus Jesperi Kotkaniemi in Islanders zone.
12:06 of 2nd period - Snap shot by Auston Matthews.
12:06 of 2nd period - Shot Blocked by Robert Bortuzzo.
12:26 of 2nd period - Snap shot by Taylor Hall.
12:26 of 2nd period - Shot Misses the Net.
12:28 of 2nd period - Snap shot by Taylor Hall.
12:28 of 2nd period - Shot Blocked by Rasmus Kupari.
12:30 of 2nd period - Wrist shot by Taylor Hall.
12:30 of 2nd period - Stopped by Chris Driedger without a rebound.
12:31 of 2nd period - Auston Matthews wins face-off versus Josh Bailey in Islanders zone.
12:32 of 2nd period - Wrist shot by Jack Roslovic.
12:32 of 2nd period - Stopped by Chris Driedger without a rebound.
12:33 of 2nd period - Auston Matthews wins face-off versus Mike Hoffman in Islanders zone.
12:34 of 2nd period - Slapshot by Devon Toews.
12:34 of 2nd period - Shot Misses the Net.
12:36 of 2nd period - Wrist shot by Andrew Peeke.
12:36 of 2nd period - Stopped by Chris Driedger without a rebound.
12:37 of 2nd period - Auston Matthews wins face-off versus Mike Hoffman in Islanders zone.
12:40 of 2nd period - Snap shot by Casey Mittelstadt.
12:40 of 2nd period - Stopped by Chris Driedger without a rebound.
12:41 of 2nd period - Auston Matthews wins face-off versus Josh Bailey in Islanders zone.
12:52 of 2nd period - Slapshot by Casey Mittelstadt.
12:52 of 2nd period - Shot Misses the Net.
12:56 of 2nd period - Wrist shot by Jack Roslovic.
12:56 of 2nd period - Shot Blocked by Nicolas Meloche.
12:58 of 2nd period - Wrist shot by Jack Roslovic.
12:58 of 2nd period - Shot Blocked by Caleb Jones.
13:00 of 2nd period - Snap shot by Jack Roslovic.
13:00 of 2nd period - Shot Misses the Net.
13:02 of 2nd period - Slapshot by Devon Toews.
13:02 of 2nd period - Goal by Devon Toews - Islanders : 1 - Panthers : 4.
13:03 of 2nd period - Auston Matthews wins face-off versus Josh Bailey in neutral zone.
13:39 of 2nd period - Snap shot by Evander Kane.
13:39 of 2nd period - Shot Misses the Net.
13:41 of 2nd period - Wrist shot by Evander Kane.
13:41 of 2nd period - Shot Blocked by Nicolas Meloche.
13:43 of 2nd period - Wrist shot by Evander Kane.
13:43 of 2nd period - Shot Blocked by Caleb Jones.
15:39 of 2nd period - Icing by Jakub Voracek.
15:40 of 2nd period - Steven Lorentz wins face-off versus Nicklas Backstrom in Islanders zone.
15:55 of 2nd period - Snap shot by Auston Matthews.
15:55 of 2nd period - Shot Blocked by Marc-Edouard Vlasic.
15:57 of 2nd period - Slapshot by Jack Roslovic.
15:57 of 2nd period - Shot Blocked by Marc-Edouard Vlasic.
16:15 of 2nd period - Slapshot by Josh Bailey.
16:15 of 2nd period - Stopped by Adin Hill without a rebound.
16:16 of 2nd period - Taylor Hall wins face-off versus Josh Bailey in Panthers zone.
16:21 of 2nd period - Brock McGinn is hit by Gustav Nyquist and loses puck.
16:46 of 2nd period - Slapshot by Matt Grzelcyk.
16:46 of 2nd period - Shot Blocked by Caleb Jones.
16:48 of 2nd period - Snap shot by Auston Matthews.
16:48 of 2nd period - Stopped by Chris Driedger with a rebound.
16:50 of 2nd period - Slapshot by Casey Mittelstadt.
16:50 of 2nd period - Shot Misses the Net.
16:52 of 2nd period - Backhand shot by Auston Matthews.
16:52 of 2nd period - Shot Blocked by Zach Aston-Reese.
16:54 of 2nd period - Slapshot by Devon Toews.
16:54 of 2nd period - Stopped by Chris Driedger with a rebound.
16:56 of 2nd period - Slapshot by Devon Toews.
16:56 of 2nd period - Shot Misses the Net.
17:10 of 2nd period - Backhand shot by Jordan Greenway.
17:10 of 2nd period - Shot Blocked by Caleb Jones.
17:12 of 2nd period - Wrist shot by Sonny Milano.
17:12 of 2nd period - Stopped by Chris Driedger without a rebound.
17:13 of 2nd period - Brock McGinn wins face-off versus Steven Lorentz in Islanders zone.
17:13 of 2nd period - Brock McGinn is hit by Jordan Greenway.
17:29 of 2nd period - Sonny Milano is hit by Mike Hoffman.
17:57 of 2nd period - Nikita Zaitsev is hit by Josh Archibald.
17:58 of 2nd period - Icing by Nikita Zaitsev.
17:59 of 2nd period - Josh Bailey wins face-off versus Jesperi Kotkaniemi in Panthers zone.
18:12 of 2nd period - Wrist shot by Mike Hoffman.
18:12 of 2nd period - Stopped by Adin Hill without a rebound.
18:13 of 2nd period - Auston Matthews wins face-off versus Josh Bailey in Panthers zone.
18:26 of 2nd period - Snap shot by Auston Matthews.
18:26 of 2nd period - Shot Misses the Net.
18:28 of 2nd period - Slapshot by Andrew Peeke.
18:28 of 2nd period - Deflect By Mike Hoffman.
18:28 of 2nd period - Stopped by Chris Driedger with a rebound.
18:44 of 2nd period - Slapshot by Devon Toews.
18:44 of 2nd period - Stopped by Chris Driedger with a rebound.
18:46 of 2nd period - Wrist shot by Gustav Nyquist.
18:46 of 2nd period - Shot Misses the Net.
18:48 of 2nd period - Slapshot by Andrew Peeke.
18:48 of 2nd period - Stopped by Chris Driedger without a rebound.
18:49 of 2nd period - Evgeni Malkin wins face-off versus Rasmus Kupari in Islanders zone.
18:56 of 2nd period - Snap shot by Gustav Nyquist.
18:56 of 2nd period - Shot Misses the Net.
18:58 of 2nd period - Wrist shot by Evgeni Malkin.
18:58 of 2nd period - Shot Blocked by Robert Bortuzzo.
19:12 of 2nd period - Wrist shot by Taylor Hall.
19:12 of 2nd period - Stopped by Chris Driedger with a rebound.
19:14 of 2nd period - Slapshot by Devon Toews.
19:14 of 2nd period - Deflect By Evgeni Malkin.
19:14 of 2nd period - Stopped by Chris Driedger with a rebound.
19:16 of 2nd period - Snap shot by Taylor Hall.
19:16 of 2nd period - Stopped by Chris Driedger without a rebound.
19:17 of 2nd period - Casey Mittelstadt wins face-off versus Mike Hoffman in Islanders zone.
19:56 of 2nd period - Evander Kane is hit by Josh Archibald and loses puck.
Goals for this period are 0 for Islanders vs 2 for Panthers.
Shots for this period are 11 for Islanders vs 16 for Panthers.

3rd period


0:01 of 3rd period - Josh Bailey wins face-off versus Auston Matthews in neutral zone.
0:26 of 3rd period - Taylor Hall is hit by Robert Bortuzzo and loses puck.
0:37 of 3rd period - Snap shot by Taylor Hall.
0:37 of 3rd period - Shot Blocked by Marc-Edouard Vlasic.
1:34 of 3rd period - Snap shot by Brock McGinn.
1:34 of 3rd period - Shot Misses the Net.
1:36 of 3rd period - Slapshot by Caleb Jones.
1:36 of 3rd period - Stopped by Adin Hill with a rebound.
1:38 of 3rd period - Slapshot by Josh Bailey.
1:38 of 3rd period - Stopped by Adin Hill with a rebound.
1:48 of 3rd period - Taylor Hall is hit by Milan Lucic and loses puck.
1:59 of 3rd period - Slapshot by Nicolas Meloche.
1:59 of 3rd period - Shot Blocked by Evgeni Malkin.
2:29 of 3rd period - Minor Penalty to Josh Archibald for Holding.
2:30 of 3rd period - Rasmus Kupari wins face-off versus Evgeni Malkin in Islanders zone.
2:47 of 3rd period - Snap shot by Taylor Hall.
2:47 of 3rd period - Shot Misses the Net.
4:29 of 3rd period - Penalty to Josh Archibald is over, Josh Archibald is back on ice.
4:39 of 3rd period - Snap shot by Josh Archibald.
4:39 of 3rd period - Deflect By Scott Mayfield.
4:39 of 3rd period - Stopped by Adin Hill with a rebound.
4:45 of 3rd period - Brock McGinn is hit by Scott Mayfield and loses puck.
5:06 of 3rd period - Backhand shot by Ondrej Kase.
5:06 of 3rd period - Shot Misses the Net.
5:08 of 3rd period - Slapshot by Will Butcher.
5:08 of 3rd period - Deflect By Josh Archibald.
5:08 of 3rd period - Stopped by Adin Hill with a rebound.
5:10 of 3rd period - Snap shot by Dylan Coghlan.
5:10 of 3rd period - Goal by Dylan Coghlan - Islanders : 2 - Panthers : 4.
5:11 of 3rd period - Nicklas Backstrom wins face-off versus Auston Matthews in neutral zone.
5:18 of 3rd period - Snap shot by Jakub Voracek.
5:18 of 3rd period - Stopped by Adin Hill without a rebound.
5:19 of 3rd period - Jack Roslovic wins face-off versus Nicklas Backstrom in Panthers zone.
5:46 of 3rd period - Wrist shot by Josh Archibald.
5:46 of 3rd period - Shot Blocked by Andrew Peeke.
5:48 of 3rd period - Slapshot by Robert Bortuzzo.
5:48 of 3rd period - Stopped by Adin Hill with a rebound.
5:56 of 3rd period - Snap shot by Nicklas Backstrom.
5:56 of 3rd period - Stopped by Adin Hill without a rebound.
5:57 of 3rd period - Josh Bailey wins face-off versus Evgeni Malkin in Panthers zone.
5:58 of 3rd period - Snap shot by Mike Hoffman.
5:58 of 3rd period - Deflect By Josh Bailey.
5:58 of 3rd period - Stopped by Adin Hill with a rebound.
6:00 of 3rd period - Wrist shot by Caleb Jones.
6:00 of 3rd period - Shot Misses the Net.
6:02 of 3rd period - Snap shot by Brock McGinn.
6:02 of 3rd period - Stopped by Adin Hill without a rebound.
6:03 of 3rd period - Josh Bailey wins face-off versus Evgeni Malkin in Panthers zone.
6:27 of 3rd period - Icing by Matt Grzelcyk.
6:28 of 3rd period - Rasmus Kupari wins face-off versus Evgeni Malkin in Panthers zone.
6:43 of 3rd period - Slapshot by Taylor Hall.
6:43 of 3rd period - Shot Blocked by Marc-Edouard Vlasic.
7:05 of 3rd period - Marc-Edouard Vlasic is hit by Auston Matthews and loses puck.
7:20 of 3rd period - Wrist shot by Alexis Lafrenière.
7:20 of 3rd period - Shot Misses the Net.
7:22 of 3rd period - Snap shot by Evander Kane.
7:22 of 3rd period - Stopped by Chris Driedger without a rebound.
7:23 of 3rd period - Jesperi Kotkaniemi wins face-off versus Rasmus Kupari in Islanders zone.
7:34 of 3rd period - Slapshot by Jesperi Kotkaniemi.
7:34 of 3rd period - Shot Misses the Net.
7:36 of 3rd period - Slapshot by Andrew Peeke.
7:36 of 3rd period - Stopped by Chris Driedger without a rebound.
7:37 of 3rd period - Josh Bailey wins face-off versus Auston Matthews in Islanders zone.
7:46 of 3rd period - Wrist shot by Jack Roslovic.
7:46 of 3rd period - Deflect By Auston Matthews.
7:46 of 3rd period - Stopped by Chris Driedger without a rebound.
7:47 of 3rd period - Josh Bailey wins face-off versus Auston Matthews in Islanders zone.
7:56 of 3rd period - Snap shot by Brock McGinn.
7:56 of 3rd period - Stopped by Adin Hill with a rebound.
8:10 of 3rd period - Snap shot by Auston Matthews.
8:10 of 3rd period - Shot Blocked by Brock McGinn.
8:12 of 3rd period - Snap shot by Andrew Peeke.
8:12 of 3rd period - Deflect By Robert Bortuzzo.
8:12 of 3rd period - Stopped by Chris Driedger with a rebound.
8:14 of 3rd period - Snap shot by Casey Mittelstadt.
8:14 of 3rd period - Stopped by Chris Driedger without a rebound.
8:15 of 3rd period - Rasmus Kupari wins face-off versus Jesperi Kotkaniemi in Islanders zone.
8:17 of 3rd period - Minor Penalty to Nicolas Meloche for Tripping.
8:18 of 3rd period - Rasmus Kupari wins face-off versus Auston Matthews in Islanders zone.
8:32 of 3rd period - Snap shot by Devon Toews.
8:32 of 3rd period - Shot Blocked by Robert Bortuzzo.
8:34 of 3rd period - Slapshot by Gustav Nyquist.
8:34 of 3rd period - Stopped by Chris Driedger without a rebound.
8:35 of 3rd period - Taylor Hall wins face-off versus Rasmus Kupari in Islanders zone.
9:05 of 3rd period - Off-side.
9:06 of 3rd period - Josh Bailey wins face-off versus Auston Matthews in neutral zone.
9:08 of 3rd period - Off-side.
9:09 of 3rd period - Milan Lucic wins face-off versus Auston Matthews in neutral zone.
9:44 of 3rd period - Slapshot by Alexis Lafrenière.
9:44 of 3rd period - Shot Misses the Net.
9:46 of 3rd period - Snap shot by Casey Mittelstadt.
9:46 of 3rd period - Shot Hit the Post.
9:48 of 3rd period - Snap shot by Casey Mittelstadt.
9:48 of 3rd period - Goal by Casey Mittelstadt - Islanders : 2 - Panthers : 5.
9:49 of 3rd period - Mike Hoffman wins face-off versus Gustav Nyquist in neutral zone.
10:05 of 3rd period - Icing by Taylor Hall.
10:06 of 3rd period - Rasmus Kupari wins face-off versus Evgeni Malkin in Panthers zone.
10:11 of 3rd period - Slapshot by Rasmus Kupari.
10:11 of 3rd period - Stopped by Adin Hill without a rebound.
10:12 of 3rd period - Auston Matthews wins face-off versus Milan Lucic in Panthers zone.
11:11 of 3rd period - Wrist shot by Jordan Greenway.
11:11 of 3rd period - Shot Misses the Net.
11:13 of 3rd period - Slapshot by Sonny Milano.
11:13 of 3rd period - Deflect By Steven Lorentz.
11:13 of 3rd period - Shot Misses the Net.
11:13 of 3rd period - Puck is out of play.
11:14 of 3rd period - Auston Matthews wins face-off versus Rasmus Kupari in Islanders zone.
11:29 of 3rd period - Snap shot by Jack Roslovic.
11:29 of 3rd period - Stopped by Chris Driedger with a rebound.
11:37 of 3rd period - Minor Penalty to Robert Bortuzzo for Hooking.
11:38 of 3rd period - Evgeni Malkin wins face-off versus Rasmus Kupari in Islanders zone.
13:37 of 3rd period - Penalty to Robert Bortuzzo is over, Robert Bortuzzo is back on ice.
13:42 of 3rd period - Snap shot by Rasmus Asplund.
13:42 of 3rd period - Shot Misses the Net.
13:44 of 3rd period - Snap shot by Nicolas Meloche.
13:44 of 3rd period - Deflect By Sonny Milano.
13:44 of 3rd period - Stopped by Adin Hill without a rebound.
13:45 of 3rd period - Rasmus Asplund wins face-off versus Steven Lorentz in Panthers zone.
14:12 of 3rd period - Auston Matthews is hit by Caleb Jones.
14:15 of 3rd period - Off-side.
14:16 of 3rd period - Auston Matthews wins face-off versus Nicklas Backstrom in neutral zone.
14:19 of 3rd period - Josh Archibald is hit by Andrew Peeke and loses puck.
14:47 of 3rd period - Wrist shot by Nicklas Backstrom.
14:47 of 3rd period - Deflect By Jakub Voracek.
14:47 of 3rd period - Shot Blocked by Scott Mayfield.
14:47 of 3rd period - Puck is out of play.
14:48 of 3rd period - Evgeni Malkin wins face-off versus Brock McGinn in Panthers zone.
14:59 of 3rd period - Snap shot by Gustav Nyquist.
14:59 of 3rd period - Shot Misses the Net.
15:27 of 3rd period - Slapshot by Zach Aston-Reese.
15:27 of 3rd period - Deflect By Milan Lucic.
15:27 of 3rd period - Stopped by Adin Hill without a rebound.
15:28 of 3rd period - Josh Archibald wins face-off versus Jesperi Kotkaniemi in Panthers zone.
15:29 of 3rd period - Snap shot by Nicklas Backstrom.
15:29 of 3rd period - Stopped by Adin Hill with a rebound.
15:39 of 3rd period - Wrist shot by Josh Archibald.
15:39 of 3rd period - Shot Misses the Net.
16:02 of 3rd period - Wrist shot by Mike Hoffman.
16:02 of 3rd period - Deflect By Brock McGinn.
16:02 of 3rd period - Shot Misses the Net.
16:02 of 3rd period - Puck is out of play.
16:03 of 3rd period - Jack Roslovic wins face-off versus Josh Bailey in Panthers zone.
17:05 of 3rd period - Wrist shot by Josh Archibald.
17:05 of 3rd period - Stopped by Adin Hill without a rebound.
17:06 of 3rd period - Josh Bailey wins face-off versus Auston Matthews in Panthers zone.
17:45 of 3rd period - Snap shot by Brock McGinn.
17:45 of 3rd period - Stopped by Adin Hill without a rebound.
17:46 of 3rd period - Rasmus Kupari wins face-off versus Evgeni Malkin in Panthers zone.
18:13 of 3rd period - Josh Archibald is hit by Andrew Peeke and loses puck.
18:31 of 3rd period - Icing by Dylan Coghlan.
18:32 of 3rd period - Jesperi Kotkaniemi wins face-off versus Nicklas Backstrom in Islanders zone.
18:33 of 3rd period - Wrist shot by Alexis Lafrenière.
18:33 of 3rd period - Shot Misses the Net.
19:07 of 3rd period - Icing by Josh Bailey.
19:08 of 3rd period - Jesperi Kotkaniemi wins face-off versus Josh Bailey in Islanders zone.
19:15 of 3rd period - Slapshot by Dylan Coghlan.
19:15 of 3rd period - Shot Blocked by Devon Toews.
19:17 of 3rd period - Snap shot by Mike Hoffman.
19:17 of 3rd period - Stopped by Adin Hill without a rebound.
19:18 of 3rd period - Jesperi Kotkaniemi wins face-off versus Josh Bailey in Panthers zone.
19:23 of 3rd period - Snap shot by Brock McGinn.
19:23 of 3rd period - Shot Blocked by Andrew Peeke.
19:25 of 3rd period - Backhand shot by Mike Hoffman.
19:25 of 3rd period - Deflect By Josh Bailey.
19:25 of 3rd period - Stopped by Adin Hill with a rebound.
19:27 of 3rd period - Wrist shot by Josh Bailey.
19:27 of 3rd period - Shot Misses the Net.
19:29 of 3rd period - Wrist shot by Josh Bailey.
19:29 of 3rd period - Deflect By Mike Hoffman.
19:29 of 3rd period - Shot Blocked by Devon Toews.
19:29 of 3rd period - Puck is out of play.
19:30 of 3rd period - Josh Bailey wins face-off versus Auston Matthews in Panthers zone.
Goals for this period are 1 for Islanders vs 1 for Panthers.
Shots for this period are 19 for Islanders vs 8 for Panthers.